 Dungeon Crawl Stone Soup version 0.18-a0-27-g1f73fa3 (webtiles) character file.

471 Ordine the Slasher (level 6, 0/39 HPs)
             Began as a High Elf Skald on Nov 4, 2015.
             Was an Initiate of Okawaru.
             Slain by an ogre
             ... wielding a +0 giant spiked club
              (13 damage)
             ... on level 5 of the Dungeon.
             The game lasted 00:16:47 (5189 turns).

Ordine the Slasher (High Elf Skald)                 Turns: 5189, Time: 00:16:47

Health: 0/39       AC:  5    Str: 11    XL:     6   Next: 83%
Magic:  6/11       EV: 11    Int: 18    God:    Okawaru [......]
Gold:   166        SH:  0    Dex: 15    Spells: 5 memorised, 0 levels left

rFire  . . .     SeeInvis .     a - +1 falchion
rCold  . . .     Clarity  .     b - +0 leather armour
rNeg   . . .     SustAt   .     (no shield)
rPois  .         Gourm    .     (no helmet)
rElec  .         Spirit   .     g - +0 cloak
rCorr  .         Warding  .     e - +0 pair of gloves
rMut   .         Stasis   .     (no boots)
MR     .....                    (no amulet)
Stlth  +.........               (no ring)
                                (no ring)

@: infused, not resistant to hostile enchantments, very unstealthy
A: no striking features
a: Renounce Religion


You were on level 5 of the Dungeon.
You worshipped Okawaru.
Okawaru was noncommittal.
You were not hungry.

You visited 2 branches of the dungeon, and saw 6 of its levels.

You collected 166 gold pieces.

Inventory:

Hand Weapons
 a - a +1 falchion (weapon)
Armour
 b - a +0 leather armour (worn)
 e - a +0 pair of gloves (worn)
 g - a +0 cloak (worn)
Wands
 p - a wand of fire (8)
Scrolls
 q - 3 scrolls of remove curse
 r - 2 scrolls of blinking
Potions
 f - a potion of might
 i - a potion of curing
 j - a potion of cancellation {unknown}
 m - 4 potions of brilliance {unknown}
 o - a potion of lignification {unknown}
 s - a potion of berserk rage {unknown}
Books
 c - a book of Battle

   Spells                             Type                      Level
   a - Infusion                       Charms                       1
   b - Shroud of Golubria             Charms/Translocation         2
   c - Song of Slaying                Charms                       2
   d - Spectral Weapon                Hexes/Charms                 3
   e - Regeneration                   Charms/Necromancy            3
Comestibles
 d - 4 bread rations
 k - 2 meat rations
 l - 2 royal jellies
 n - a slice of pizza


   Skills:
 - Level 2.0 Fighting
 * Level 7.1 Long Blades
 - Level 0.8 Armour
 - Level 1.1 Dodging
 - Level 3.1 Spellcasting
 + Level 6.0 Charms


You couldn't memorise any spells.
You knew the following spells:

 Your Spells              Type           Power        Failure   Level  Hunger
a - Infusion              Chrm           ###...       1%          1    None
b - Song of Slaying       Chrm           ###.....     2%          2    ##.....
c - Shroud of Golubria    Chrm/Tloc      ##........   12%         2    ##.....
d - Regeneration          Chrm/Necr      ##........   21%         3    ###....
e - Spectral Weapon       Hex/Chrm       ##......     21%         3    ###....


Dungeon Overview and Level Annotations

Branches:
Dungeon (5/15)             Temple (1/1) D:4

Altars:
Ashenzari
Cheibriados
Elyvilon
Fedhas
Gozag
Makhleb
Nemelex Xobeh
Okawaru
Qazlal
Ru
Sif Muna
Trog
Vehumet
Yredelemnul
Zin
The Shining One


Message History

An ogre comes into view. It is wielding a giant spiked club.
The ogre shouts!
Casting: Infusion
Confirm with . or Enter, or press ? or * to list all spells.
Space distorts slightly along a thin shroud covering your body.
Casting: Shroud of Golubria
Confirm with . or Enter, or press ? or * to list all spells.
You begin infusing your attacks with magical energy.
You hit the ogre.
The ogre is lightly wounded.
A worker ant comes into view.
The worker ant twitches its antennae in your direction.
You slash the ogre!
The ogre is severely wounded.
The ogre hits you with a giant spiked club!
Your shroud falls apart!
You barely miss the ogre.
The ogre is severely wounded.
The ogre hits you with a giant spiked club!
You die... .# .# .# .. .# .# #################.###..≈ ................@......≈ #################O####.. .. .# .. a# .. .# .. .. .. ## .. ..

You could see an ogre and a worker ant.

Vanquished Creatures
  An ice beast (D:5)
  A giant frog (D:3)
  A centaur skeleton (D:5)
  2 orc wizards (D:4)
  2 iguanas (D:4)
  A worker ant (D:4)
  7 adders
  An ooze (D:1)
  A worm (D:4)
  2 giant geckos (D:2)
  9 orcs
  2 ball pythons
  3 giant cockroaches
  4 goblins
  7 hobgoblins
  11 jackals
  7 kobolds
  3 quokkas
  3 bats
  7 giant newts
  7 rats
82 creatures vanquished.

Notes
Turn   | Place    | Note
--------------------------------------------------------------
     0 | D:1      | Ordine the High Elf Skald began the quest for the Orb.
     0 | D:1      | Reached XP level 1. HP: 14/14 MP: 4/4
   355 | D:1      | Reached skill level 4 in Charms
   496 | D:1      | Reached XP level 2. HP: 14/19 MP: 3/6
   527 | D:1      | Learned a level 2 spell: Song of Slaying
   530 | D:1      | Learned a level 2 spell: Shroud of Golubria
   569 | D:1      | Found a sparkling altar of Nemelex Xobeh.
  1144 | D:1      | Reached XP level 3. HP: 22/24 MP: 7/7
  1940 | D:2      | Reached XP level 4. HP: 22/29 MP: 4/8
  2454 | D:3      | Learned a level 3 spell: Regeneration
  2650 | D:3      | Noticed a giant frog
  2657 | D:3      | Killed a giant frog
  2657 | D:3      | Reached skill level 5 in Long Blades
  2657 | D:3      | Reached skill level 5 in Charms
  2657 | D:3      | Reached XP level 5. HP: 26/34 MP: 3/10
  3847 | D:4      | Reached skill level 6 in Long Blades
  3847 | D:4      | Reached XP level 6. HP: 34/39 MP: 8/11
  4215 | D:4      | Found a staircase to the Ecumenical Temple.
  4219 | Temple   | Entered the Ecumenical Temple
  4302 | Temple   | Became a worshipper of Warmaster Okawaru
  4767 | D:4      | Learned a level 3 spell: Spectral Weapon
  4768 | D:5      | Entered Level 5 of the Dungeon
  4957 | D:5      | Reached skill level 7 in Long Blades
  5189 | D:5      | Slain by an ogre

Vault maps used:
D:1:      lemuel_arrival_funnel, grunt_decor_arrowhead,
          hangedman_decor_clover_reticule, minmay_crystal_room,
          nemelex_xobeh_ov_fountains_minmay
D:2:      kennysheep_big_empty_room
D:3:      roderic_lattice_a
D:4:      minmay_temple_entry_grid
D:5:      first_bread, gup_sewer_entry_glass, fedhas_altar_2
Temple:   lightli_temple_of_artemis

Action                   |  1- 3 |  4- 6 || total
-------------------------+-------+-------++-------
Melee: Falchion          |   113 |   172 ||   285
 Cast: Infusion          |    13 |    17 ||    30
       Shroud of Golubri |       |     3 ||     3
       Song of Slaying   |       |     3 ||     3
  Use: Scroll            |     5 |     6 ||    11
       Potion            |       |     2 ||     2
 Stab: Sleeping          |     1 |     3 ||     4
  Eat: Chunk             |     3 |    11 ||    14
